 Dungeon Crawl Stone Soup version 0.27-a0-1308-gc08437e49b (webtiles) character file.

Game seed: 6196471851184895136

2905 mandarbmax the Nimble (level 9, -5/72 HPs)
             Began as a Merfolk Transmuter on June 18, 2021.
             Was a Believer of Cheibriados.
             Slain by an orc warrior (13 damage)
             ... on level 8 of the Dungeon.
             The game lasted 00:14:04 (8152 turns).

mandarbmax the Nimble (Merfolk Transmuter)          Turns: 8152, Time: 00:14:04

Health: -5/72      AC:  9    Str: 22    XL:     9   Next: 78%
Magic:  12/12      EV: 18    Int: 22    God:    Cheibriados [**....]
Gold:   334        SH:  0    Dex: 20    Spells: 3/12 levels left

rFire    . . .     SeeInvis +     - Unarmed
rCold    . . .     Faith    .   (no shield)
rNeg     . . .     Spirit   .   B - +0 steam dragon scales
rPois    .         Reflect  .   e - +1 helmet
rElec    .         Harm     .   (no cloak)
rCorr    .         Rampage  .   o - +0 pair of gloves
Will     .....                  r - +0 pair of boots
Stlth    ++........             d - amulet of magic regeneration
HPRegen  0.22/turn              C - +6 ring of strength
MPRegen  0.38/turn              x - ring of see invisible

@: wereblooded, very slow
A: (nimble swimmer 2), mertail
a: Renounce Religion, Bend Time


You were on level 8 of the Dungeon.
You worshipped Cheibriados.
Cheibriados was pleased with you.
You visited 1 branch of the dungeon, and saw 8 of its levels.

You collected 334 gold pieces.

Inventory:

Missiles
 h - 2 atropa-tipped darts
 l - a throwing net
 v - 41 poisoned darts
 F - a curare-tipped dart
 I - 6 silver javelins
Armour
 e - a +1 helmet (worn)
 o - a +0 pair of gloves (worn)
 r - a +0 pair of boots (worn)
 B - +0 steam dragon scales (worn)
Jewellery
 b - a ring of flight
 d - an amulet of magic regeneration (around neck)
 j - a +4 ring of protection
 x - a ring of see invisible (right hand)
 C - a +6 ring of strength (left hand)
Wands
 y - a wand of polymorph (10)
Scrolls
 a - a scroll of amnesia
 c - a scroll of enchant armour {unknown}
 f - a scroll of brand weapon {unknown}
 g - a scroll of blinking
 k - 4 scrolls of magic mapping
 m - 2 scrolls of teleportation
 n - a scroll of acquirement {unknown}
 q - a scroll of noise {unknown}
 t - a scroll of summoning {unknown}
 u - a scroll of immolation {unknown}
 w - a scroll of fear
 E - a scroll of vulnerability {unknown}
 H - a scroll of silence {unknown}
Potions
 i - a potion of lignification
 p - 4 potions of brilliance
 s - a potion of heal wounds
 z - a potion of magic {unknown}
 A - a potion of flight
 D - 2 potions of resistance {unknown}
 G - a potion of curing


   Skills:
 + Level 7.0 Fighting
 + Level 8.8 Dodging
 - Level 6.0 Unarmed Combat
 - Level 2.0 Spellcasting
 - Level 8.0 Transmutations
 + Level 6.6 Ice Magic


You had 3 spell levels left.
You knew the following spells:

 Your Spells              Type           Power      Damage    Failure   Level
b - Wereblood             Tmut           37%        N/A       1%          2
c - Spider Form           Tmut/Pois      9%         N/A       8%          3
d - Ice Form              Ice/Tmut       34%        N/A       7%          4

Your spell library contained the following spells:

 Spells                   Type           Power      Damage    Failure   Level
 Beastly Appendage        Tmut           74%        N/A       1%          1
 Apportation              Tloc           4%         N/A       14%         1
 Confusing Touch          Hex            2%         N/A       38%         3
 Gell's Gravitas          Tloc           1%         N/A       38%         3
 Lesser Beckoning         Tloc           1%         N/A       38%         3
 Tukima's Dance           Hex            2%         N/A       38%         3
 Petrify                  Tmut/Erth      19%        N/A       26%         4
 Alistair's Intoxication  Tmut/Pois      12%        N/A       58%         5
 Yara's Violent Unravell  Hex/Tmut       9%         3d6       58%         5
 Metabolic Englaciation   Hex/Ice        8%         N/A       69%         5
 Invisibility             Hex            1%         N/A       100%        6


Dungeon Overview and Level Annotations

Branches:
Dungeon (8/15)             Temple (0/1) D:5
   Lair: D:8-11

Altars:
Ashenzari
Cheibriados
Okawaru
Qazlal
Trog
Xom
Yredelemnul

Shops:
D:6 [

Annotations:
D:6 1 runed translucent door, Crazy Yiuf


Innate Abilities, Weirdness & Mutations

((You are quick and stealthy near water. (Stealth+, EV+, Speed+++)))
Your lower body shifts to a powerful aquatic tail in water.


Message History

The orc warrior is moderately wounded.
You hiss as the wereblood boils in your veins!
The orc warrior completely misses you.
The orc priest calls upon Beogh to heal the orc warrior.
The orc warrior is healed somewhat.
You hit the orc warrior.
The orc warrior looks as sick as possible!
The orc warrior is lightly wounded.
The orc warrior misses you.
You hit the orc warrior but do no damage.
The orc warrior looks as sick as possible!
The orc warrior is lightly wounded.
Your transformation is almost over.
The orc warrior completely misses you.
You hit the orc warrior but do no damage.
The orc warrior looks as sick as possible!
The orc warrior is moderately wounded.
The orc warrior hits you with a +0 battleaxe!
* * * LOW HITPOINT WARNING * * *
The orc priest miscasts a cantrip.
Unknown command.
The orc warrior completely misses you.
Things that are here:
a +0 falchion; an orc corpse The orc warrior completely misses you.
The orc priest calls upon Beogh to heal the orc warrior.
The orc warrior is healed somewhat.
The orc warrior completely misses you.
You hiss as the wereblood boils in your veins!
Your transformation has ended.
Your +1 helmet unmelds from your body.
Your +0 pair of gloves unmelds from your body.
Your +0 pair of boots unmelds from your body.
Your +0 steam dragon scales unmelds from your body.
You howl as the wereblood boils in your veins!
The orc priest calls down the wrath of Beogh upon you.
Beogh smites you!
* * * LOW HITPOINT WARNING * * *
The orc warrior hits you with a +0 battleaxe!
You die...

## #.# .# #.# .# #.#
.# #)# .# #.# .# #o#
.# #.#
.##################o#
................@o..#
#####################


You could see an orc warrior (very poisoned) and an orc priest.

Vanquished Creatures
  Sigmund (D:3)
  A steam dragon (D:6)
  Menkaure (D:7)
  A water moccasin (D:6)
  Duvessa (D:7)
  3 sky beasts
  2 ice beasts
  3 ogres
  A black bear (D:6)
  A necrophage (D:6)
  2 phantoms
  A kobold brigand (D:7)
  2 bullfrogs
  2 wyvern skeletons
  Dowan (D:7)
  8 wights
  A centaur skeleton (D:6)
  A hound (D:5)
  A bullfrog skeleton (D:7)
  A gnoll shaman (D:7)
  A jelly (D:5)
  3 iguanas
  Natasha (thrice) (D:3)
  2 orc wizards
  Terence (D:3)
  A howler monkey zombie (D:6)
  5 adders
  8 gnolls
  A shadow imp (D:6)
  3 dart slugs (D:2)
  11 orcs
  3 bats (D:2)
  8 endoplasms
  7 hobgoblins
  3 jackals (D:4)
  13 kobolds
  4 quokkas
  5 ball pythons
  2 frilled lizards
  6 goblins
  6 rats
131 creatures vanquished.

Notes
Turn   | Place    | Note
-------+----------+-------------------------------------------
     0 | D:1      | mandarbmax the Merfolk Transmuter began the quest for the
                  | Orb.
     0 | D:1      | Reached XP level 1. HP: 15/15 MP: 3/3
   241 | D:1      | Found a faded altar of an unknown god.
   281 | D:1      | Reached XP level 2. HP: 21/21 MP: 3/5
   985 | D:2      | Learned a level 2 spell: Wereblood
  1148 | D:2      | Reached XP level 3. HP: 14/26 MP: 4/6
  1865 | D:2      | Reached skill level 5 in Unarmed Combat
  1865 | D:2      | Reached XP level 4. HP: 29/32 MP: 7/7
  1869 | D:2      | Learned a level 3 spell: Spider Form
  2274 | D:3      | Noticed Sigmund
  2293 | D:3      | Killed Sigmund
  2294 | D:3      | Reached skill level 5 in Transmutations
  2294 | D:3      | Reached XP level 5. HP: 5/37 MP: 4/8
  2294 | D:3      | Reached XP level 6. HP: 6/43 MP: 4/9
  2567 | D:3      | Noticed Terence
  2582 | D:3      | Killed Terence
  2958 | D:3      | Found an iron altar of Okawaru.
  3073 | D:3      | Found a basalt altar of Yredelemnul.
  3308 | D:3      | Noticed Natasha
  3325 | D:3      | Killed Natasha
  3422 | D:3      | Noticed Natasha
  3427 | D:3      | Killed Natasha
  3507 | D:3      | Noticed Natasha
  3517 | D:3      | Killed Natasha
  3809 | D:4      | Reached XP level 7. HP: 48/48 MP: 7/10
  3814 | D:4      | Found a shimmering altar of Xom.
  3815 | D:4      | Found a shimmering altar of Xom.
  3817 | D:4      | Found a shimmering altar of Xom.
  3938 | D:4      | Found a snail-covered altar of Cheibriados.
  3943 | D:4      | Became a worshipper of Cheibriados the Contemplative
  4199 | D:4      | Learned a level 4 spell: Ice Form
  4335 | D:5      | Entered Level 5 of the Dungeon
  4338 | D:5      | Found a staircase to the Ecumenical Temple.
  4417 | D:5      | Reached skill level 1 in Ice Magic
  4827 | D:5      | Found a stormy altar of Qazlal.
  5035 | D:5      | Reached XP level 8. HP: 40/58 MP: 7/11
  5288 | D:5      | Found a broken altar of Ashenzari.
  5306 | D:6      | Found Ziwk's Antique Armour Shop.
  5339 | D:6      | Reached skill level 5 in Dodging
  5439 | D:6      | Reached * piety under Cheibriados
  5911 | D:6      | Reached skill level 5 in Fighting
  5988 | D:6      | Found a bloodstained altar of Trog.
  6085 | D:6      | Reached XP level 9. HP: 68/68 MP: 12/12
  6115 | D:6      | Reached skill level 5 in Ice Magic
  6147 | D:6      | Identified the +4 mace "Xuos" {speed, Str+2}
  6150 | D:6      | Found a runed translucent door.
  6151 | D:6      | Noticed Crazy Yiuf
  6593 | D:7      | Reached ** piety under Cheibriados
  6992 | D:7      | Noticed Duvessa
  6994 | D:7      | Noticed Dowan
  7005 | D:7      | Killed Dowan
  7008 | D:7      | Killed Duvessa
  7440 | D:7      | Noticed Menkaure
  7446 | D:7      | Killed Menkaure
  8152 | D:8      | Slain by an orc warrior

Illustrated notes

Levels and vault maps discovered:
D:1:      minmay_arrival_four_houses, layout_loops_cross,
          hellmonk_ecumenical_altar_leap_of_faith
D:2:      layout_basic
D:3:      layout_loops_corners, overflow_temple_1_default,
          okawaru_metal_pillars_1_2, uniq_sigmund, uniq_natasha, uniq_terence
D:4:      layout_rooms, xom_redecorated, lemuel_doored_altar, minmay_quantized
D:5:      layout_basic, kennysheep_mini_moat, grunt_qazlal_clouds,
          minmay_temple_entry_grid
D:6:      layout_loops_ring, lemuel_coloured_pillars_altar, serial_shops, shop,
          uniq_crazy_yiuf_cottage
D:7:      layout_layer_cave, uniq_menkaure, uniq_duvessa
D:8:      minmay_polygon_palace, layout_basic, worldfamousw_hep_ancestral_shrine

Skill      XL: |  1  2  3  4  5  6  7  8  9 |
---------------+----------------------------+-----
Transmutations | 3 5 7 8 |  8.0
Dodging        | 3 4 6 8 |  8.8
Unarmed Combat | 4 5 6 |  6.0
Fighting       | 3 5 7 |  7.0
Ice Magic      | 2 4 6 |  6.6
Spellcasting   | |  2.0

Action                   |  1- 3 |  4- 6 |  7- 9 || total
-------------------------+-------+-------+-------++-------
Melee: Unarmed           |    93 |    88 |   234 ||   415
       Punch             |     2 |       |       ||     2
       Headbutt          |    10 |     2 |       ||    12
 Cast: Beastly Appendage |    26 |     8 |       ||    34
       Wereblood         |     1 |     6 |    12 ||    19
       Spider Form       |       |     8 |    15 ||    23
       Ice Form          |       |       |    20 ||    20
  Use: Potion            |       |     1 |       ||     1
       Scroll            |       |     4 |     5 ||     9
 Stab: Sleeping          |     1 |       |     4 ||     5
Armor: Robe              |    20 |     9 |       ||    29
       Skin              |       |     1 |    42 ||    43
Dodge: Dodged            |    55 |    68 |   141 ||   264

Table legend: (Time is in decaauts)
 A = Elapsed time spent in this place.
 B = Non-inter-level travel time spent in this place.
 C = Inter-level travel time spent in this place.
 D = Time resting spent in this place.
 E = Time spent auto-exploring this place.
 F = Levels seen in this place.
 G = Mean time per level.
                   A        B        C        D        E       F      G
               +--------+--------+--------+--------+--------+-----+--------+
         Total |   9166 |   8844 |    322 |   1269 |   6440 |   8 | 1145.8 |
       Dungeon |   9166 |   8844 |    322 |   1269 |   6440 |   8 | 1145.8 |
               +--------+--------+--------+--------+--------+-----+--------+

Top non-repeatable levels by time:
     D:7: 2169 daAuts
     D:2: 1507 daAuts
     D:6: 1358 daAuts
     D:3: 1140 daAuts
     D:4: 993 daAuts
     D:1: 951 daAuts
     D:5: 938 daAuts
     D:8: 106 daAuts
